 Dungeon Crawl Stone Soup version 0.30-a0-1161-g0704695555 (webtiles) character file.

Game seed: 10165497419745236006

8 Jeffwins the Vexing (level 2, 19/19 HPs)
             Began as a Human Wanderer on Apr 27, 2023.
             Was a High Priest of Ignis.
             Quit the game on level 1 of the Dungeon.
             The game lasted 00:00:40 (200 turns).

Jeffwins the Vexing (Human Wanderer)                 Turns: 200, Time: 00:00:41

Health: 19/19      AC:  3    Str: 14    XL:     2   Next: 15%
Magic:  3/3        EV: 11    Int: 12    God:    Ignis [*****.]
Gold:   5          SH:  0    Dex: 10    Spells: 2/3 levels left

rFire   + . .        a - +0 trident
rCold   . . .        (no shield)
rNeg    . . .        d - +0 leather armour
rPois   .            (no helmet)
rElec   .            (no cloak)
rCorr   .            (no gloves)
SInv    .            (no boots)
Will    .....        (no amulet)
Stlth   +            (no ring)
HPRegen 0.23/turn    (no ring)
MPRegen 0.08/turn

%: no passive effects
@: no status effects
A: no striking features
a: Renounce Religion, Fiery Armour, Foxfire Swarm, Rising Flame


You were on level 1 of the Dungeon.
You worshipped Ignis.
Ignis was extremely pleased with you.
You visited 1 branch of the dungeon, and saw 1 of its levels.

You collected 5 gold pieces.


   Skills:
 * Level 2.4 Polearms
 - Level 1.0 Armour
 + Level 1.4 Stealth
 - Level 1.0 Spellcasting
 - Level 3.0 Hexes
 - Level 2.0 Evocations


You had 2 spell levels left.
You knew the following spells:

 Your Spells              Type           Power      Damage    Failure   Level
s - Slow                  Hex            28%        N/A       11%         1

Your spell library contained the following spells:

 Spells                   Type           Power      Damage    Failure   Level
 Confusing Touch          Hex            7%         N/A       32%         3
 Leda's Liquefaction      Hex/Erth       2%         N/A       89%         4

Inventory:

Hand Weapons
 a - a +0 trident (weapon)
Armour
 d - a +0 leather armour (worn)
Wands
 b - a wand of flame (4)
Scrolls
 e - a scroll of identify {unknown}
Potions
 c - a potion of haste {@q3}

Dungeon Overview and Level Annotations

Branches:
Dungeon (1/15)

Altars:
Ignis

### #÷# ####'####
##.......##
##.........##
#...........#
###....▓§▓....###
.#÷'....≈⚑≈....'@#
.###....▓≈▓....###
.# #...........#
.# ##.........##
.# ##.†.....## .#
##.....## ### .#
#..†....# ..#
.#####...⌠...###
#.#
...............#
#.#


There were no monsters in sight!


Message History

No target in view!
No target in view!
No target in view!
No target in view!
There is an open door here.
There is a faded altar of an unknown god here.
You see here a stone.
This altar belongs to (a) Zin, (b) Ignis or (c) Okawaru, but you can't tell which.
Press the corresponding letter to learn more about a god, or press enter to convert or escape to cancel.
Okay, then.
There is an open door here.
Found 7 stones.
A rat comes into view.
A rat is nearby!
A rat is nearby!
A rat is nearby!
You reach to attack!
The helpless rat fails to defend itself.
You hit the rat.
You kill the rat!
No target in view!
No target in view!
There is an open door here.
There is a faded altar of an unknown god here.
You see here a stone.
This altar belongs to (a) Zin, (b) Ignis or (c) Okawaru, but you can't tell which.
Press the corresponding letter to learn more about a god, or press enter to convert or escape to cancel.
Ignis accepts your prayer! Ignis welcomes you!
Unknown command.
Press < or > to pray at altars.
Are you sure you want to abandon this character and quit the game? (Confirm with "yes".)

Action                     || total
---------------------------++-------
  Melee: Spear             ||     8
         Trident           ||    13
   Stab: Sleeping          ||     1
 Armour: Leather armour    ||     2
  Dodge: Dodged            ||    10

Levels and vault maps discovered:
D:1:      lightli_molten_gateway, layout_loops_ring,
          hellmonk_ecumenical_altar_defaced_shrine

Notes
Turn   | Place    | Note
-------+----------+-------------------------------------------
     0 | D:1      | Jeffwins the Human Wanderer began the quest for the Orb.
     0 | D:1      | Jeffwins set off with the following items: a +0 spear, a
                  | wand of flame (4), a potion of haste {@q3}, a +0 leather
                  | armour; and the following spell memorised: Slow; and the
                  | following spells available to memorise: Confusing Touch,
                  | Leda's Liquefaction.
     0 | D:1      | Reached XP level 1. HP: 13/13 MP: 2/2
    72 | D:1      | Reached XP level 2. HP: 19/19 MP: 3/3
    90 | D:1      | Found a faded altar of an unknown god.
   199 | D:1      | Prayed at the altar of an unknown god.
   199 | D:1      | Became a worshipper of Ignis, the Dying Flame
   200 | D:1      | Quit the game

Vanquished Creatures
  A dart slug (D:1)
  An endoplasm (D:1)
  A giant cockroach (D:1)
  A hobgoblin (D:1)
  A kobold (D:1)
  A rat (D:1)
6 creatures vanquished.

Table legend: (Time is in decaauts)
 A = Elapsed time spent in this place.
 B = Non-inter-level travel time spent in this place.
 C = Inter-level travel time spent in this place.
 D = Time resting spent in this place.
 E = Time spent auto-exploring this place.
 F = Levels seen in this place.
 G = Mean time per level.
                   A        B        C        D        E       F      G
               +--------+--------+--------+--------+--------+-----+--------+
         Total |    202 |    158 |     44 |      0 |    115 |   1 |  202.0 |
       Dungeon |    202 |    158 |     44 |      0 |    115 |   1 |  202.0 |
               +--------+--------+--------+--------+--------+-----+--------+

Top non-repeatable levels by time:
     D:1: 202 daAuts

Table legend:
 A = Non-vault XP
 B = Vault XP
 C = Vault XP percentage of total XP
 D = Non-vault monster count
 E = Vault monster count
 F = Vault count percentage of total count
                 A         B        C        D         E       F
            +---------+---------+-------+---------+---------+-------
      Total |       6 |       6 |  50.0 |       4 |       2 |  33.3
            +---------+---------+-------+---------+---------+-------
        D:1 |       6 |       6 |  50.0 |       4 |       2 |  33.3
            +---------+---------+-------+---------+---------+-------
